nht, chaotic female elven Wizard ------------ |I@........| |..-- --- | |..| |..- |.. ---- nht the Thaumaturge Experience level: 6 Strength: 11 Dexterity: 11 Constitution: 12 Intelligence: 20 Wisdom: 13 Charisma: 9 Health: 0(44) Energy: 58(63) Def: 0 Gold: 0 Moves: 955 Dungeon seed: QL16fGIEYQRN-LDX Game ID: nht_1432365599 Your Inventory: Weapons a - a blessed burnt +1 quarterstaff (weapon in hands) Armor e - an uncursed burnt +0 cloak of magic resistance (being worn) Wands v - a wand of digging (0:3) Spells known in the end: Name Level Category Fail Memory a - force bolt 1 attack 0% 96% b - magic missile 2 attack 0% 96% c - slow monster 2 enchantment 0% 96% d - detect monsters 1 divination 0% 97% e - invisibility 4 escape 89% 98% f - light 1 divination 0% 100% Your skills at the end: Fighting Skills Weapon Skills quarterstaff [Basic] Spellcasting Skills attack spells [Basic] enchantment spells [Basic] Final Attributes: You were piously aligned. You were sleep resistant. You were magic-protected. You had infravision. You are dead. Vanquished creatures: a shrieker 6 gnome lords 2 gnomish wizards 6 dwarves a rabid rat 2 hobbits 20 gnomes a gnome zombie a goblin 3 grid bugs 2 newts 45 creatures vanquished. Voluntary challenges: You followed a strict vegan diet. You were an atheist. You used a wielded weapon 49 times, starting on turn 81. You read items or engraved 30 times, starting on turn 180. You never genocided any monsters. You never polymorphed an object. You never changed form. You used no wishes. You never split a pudding. You wrote Elbereth's name 11 times, starting on turn 219. You never violated your personal moral code. You disabled loading bones files. Dungeon overview: The Dungeons of Doom: levels 1 to 4 Level 1 a long staircase Level 2 a fountain, a sink stairs to The Gnomish Mines Level 3 a wand shop Level 4 <- You were here The Gnomish Mines: levels 3 to 7 Level 3 stairs to The Dungeons of Doom Level 4 Level 5 Level 6 some shops, some fountains Level 7 History has recorded: On T:1 you entered the Dungeons of Doom to retrieve the Amulet of Yendor! On T:178 you reached level 2 of The Dungeons of Doom. On T:200 you reached level 1 of The Gnomish Mines. On T:216 you advanced to experience level 2. On T:246 you advanced to experience level 3. On T:262 you advanced to experience level 4. On T:319 you reached level 2 of The Gnomish Mines. On T:355 you advanced to experience level 5. On T:391 you reached level 3 of The Gnomish Mines. On T:412 you reached level 4 of The Gnomish Mines. On T:447 you reached level 5 of The Gnomish Mines. On T:670 you advanced to experience level 6. On T:845 you reached level 3 of The Dungeons of Doom. On T:948 you reached level 4 of The Dungeons of Doom. Score breakdown: Gold: 0 ( 0 points) Experience: 6 levels (12456 points) Exploration: 7 levels ( 14.29%) (10606 points) Discoveries: 15 items ( 5.43%) ( 6993 points) Valuables value: (no points given unless you survive) Artifact value: 0 ( 0 points) Variety of kills: 11 monsters ( 2.90%) ( 5110 points) Time penalty: 955 turns ( 0 points) Survival: died (score multiplied by 80%) Total score: 28132 Latest messages: You hear a nearby zap. The sleep ray hits you! You don't feel sleepy. You hear a nearby zap. The sleep ray hits you! You don't feel sleepy. You drop a hooded cloak. A dwarvish cloak; you sold it for 30 gold pieces. You drop a blessed spellbook of magic missile. You sold a blessed spellbook of magic missile for 100 gold pieces. You drop an uncursed spellbook of slow monster. You sold an uncursed spellbook of slow monster for 100 gold pieces. You drop a jade ring. You drop a bag. You hit it. You hear a nearby zap. The bolt of fire hits you! Your quarterstaff smoulders! You hear a nearby zap. The bolt of fire hits you! You die... Final status: Goodbye nht the Wizard, killed by a bolt of fire... You died in The Dungeons of Doom on dungeon level 4 with 28132 points, and 0 pieces of gold, after 955 moves. You were level 6 with a maximum of 44 hit points when you died.